TOP OF THE 1ST |
---|
Salem Silver Souls batting - Pitching for Key West Barracudas : RHP George Bennion | Pitching: RHP George Bennion | | Batting: RHB Júlio Rodríguez | 0-0: Ball 1-0: Called Strike 1-1: Fly out, F8 (Line Drive, 8LS) | Batting: RHB Carlos Sánchez | 0-0: Called Strike 0-1: Swinging Strike 0-2: Strikes out swinging | Batting: SHB Felipe Castro | 0-0: Called Strike 0-1: Ball 1-1: SOLO HOME RUN (Flyball, 78XD), Distance : 409 ft | Batting: LHB Jeff Forsyth | 0-0: Called Strike 0-1: Ball 1-1: Ball 2-1: Foul Ball, location: 2F 2-2: Fly out, F7 (Flyball, 7S) | Top of the 1st over - 1 run, 1 hit, 0 errors, 0 left on base; Salem 1 - Key West 0 | BOTTOM OF THE 1ST |
---|
Key West Barracudas batting - Pitching for Salem Silver Souls : RHP Jesús Gonzáles | Pitching: RHP Jesús Gonzáles | | Batting: SHB Luis Manuel López | 0-0: Ball 1-0: SOLO HOME RUN (Flyball, 89XD), Distance : 411 ft | Batting: RHB Chris Adams | 0-0: Called Strike 0-1: Swinging Strike 0-2: Ball 1-2: Strikes out swinging, 2-3 out at first. | Batting: LHB Domingo Ledesma | 0-0: Ball 1-0: Called Strike 1-1: Ball 2-1: SINGLE (Line Drive, 89S) | Batting: SHB Héctor Jiménez | 0-0: Ball 1-0: Ball 2-0: DOUBLE (Flyball, 89XD) Domingo Ledesma to third | Batting: SHB Júlio Ayala | 0-0: Swinging Strike 0-1: Foul Ball, location: 2F 0-2: Foul Ball, location: 2F 0-2: Ball 1-2: Strikes out swinging | Batting: LHB Motoki Hirata | 0-0: SINGLE (Groundball, 56S) (infield hit) Domingo Ledesma scores Héctor Jiménez to third | Batting: RHB Anastasio Zartuche | 0-0: Ball 1-0: Foul Ball, location: 2F 1-1: Ball 2-1: Foul Ball, location: 2F 2-2: Ball 3-2: Foul Ball, location: 2F 3-2: Foul Ball, location: 2F 3-2: Fly out, F6 (Line Drive, 6) | Bottom of the 1st over - 2 runs, 4 hits, 0 errors, 2 left on base; Salem 1 - Key West 2 | TOP OF THE 2ND |
---|
Salem Silver Souls batting - Pitching for Key West Barracudas : RHP George Bennion | Batting: SHB Dale Winters | 0-0: Ball 1-0: Called Strike 1-1: Ball 2-1: SINGLE (Groundball, 4MD) | Batting: LHB Hamilton Hughes | 0-0: Called Strike 0-1: Grounds into double play, 5-4-3 (Groundball, 56) | Batting: SHB Dawson Fowler | 0-0: Called Strike 0-1: Called Strike 0-2: Ground out 6-3 (Groundball, 6) | Top of the 2nd over - 0 runs, 1 hit, 0 errors, 0 left on base; Salem 1 - Key West 2 | BOTTOM OF THE 2ND |
---|
Key West Barracudas batting - Pitching for Salem Silver Souls : RHP Jesús Gonzáles | Batting: LHB Mauro Díaz | 0-0: Ball 1-0: Foul Ball, location: 2F 1-1: Ball 2-1: Foul Ball, location: 2F 2-2: Ball 3-2: Base on Balls | Batting: LHB Juan Lima | 0-0: Called Strike 0-1: Swinging Strike 0-2: Ball 1-2: Ball 2-2: Foul Ball, location: 2F 2-2: Ball 3-2: Foul Ball, location: 2F 3-2: Strikes out swinging | Batting: SHB Luis Manuel López | 0-0: Ball 1-0: Foul Ball, location: 2F 1-1: Called Strike 1-2: Ball 2-2: Foul Ball, location: 2F 2-2: Strikes out swinging | Batting: RHB Chris Adams | 0-0: Foul Ball, location: 2F 0-1: Called Strike 0-2: Ball 1-2: Fly out, F9 (Flyball, 9LS) | Bottom of the 2nd over - 0 runs, 0 hits, 0 errors, 1 left on base; Salem 1 - Key West 2 | TOP OF THE 3RD |
---|
Salem Silver Souls batting - Pitching for Key West Barracudas : RHP George Bennion | Batting: SHB Caleb Hart | 0-0: Ball 1-0: Foul Ball, location: 2F 1-1: Ball 2-1: Ground out 4-3 (Groundball, 34D) | Batting: RHB Elpidio Martinho | 0-0: Called Strike 0-1: Called Strike 0-2: Ball 1-2: Foul Ball, location: 2F 1-2: Ball 2-2: Fly out, F8 (Line Drive, 8LD) | Batting: RHB Júlio Rodríguez | 0-0: Called Strike 0-1: Fly out, F9 (Flyball, 89D) | Top of the 3rd over - 0 runs, 0 hits, 0 errors, 0 left on base; Salem 1 - Key West 2 | BOTTOM OF THE 3RD |
---|
Key West Barracudas batting - Pitching for Salem Silver Souls : RHP Jesús Gonzáles | Batting: LHB Domingo Ledesma | 0-0: Called Strike 0-1: Ball 1-1: Swinging Strike 1-2: Ball 2-2: Foul Ball, location: 2F 2-2: Strikes out looking | Batting: SHB Héctor Jiménez | 0-0: Ball 1-0: Foul Ball, location: 2F 1-1: Ball 2-1: Swinging Strike 2-2: Ball 3-2: Base on Balls | Batting: SHB Júlio Ayala | 0-0: Called Strike 0-1: Ball 1-1: Ground out 4-3 (Groundball, 4S) Héctor Jiménez to second | Batting: LHB Motoki Hirata | 0-0: Foul Ball, location: 2F 0-1: Swinging Strike 0-2: Foul Ball, location: 2F 0-2: Strikes out swinging | Bottom of the 3rd over - 0 runs, 0 hits, 0 errors, 1 left on base; Salem 1 - Key West 2 | TOP OF THE 4TH |
---|
Salem Silver Souls batting - Pitching for Key West Barracudas : RHP George Bennion | Batting: RHB Carlos Sánchez | 0-0: Swinging Strike 0-1: Bunt missed! 0-2: Ball 1-2: Ball 2-2: Ball 3-2: DOUBLE (Line Drive, 78M) | Batting: SHB Felipe Castro | 0-0: Ball 1-0: Called Strike 1-1: Ball 2-1: SINGLE (Groundball, 56D) Carlos Sánchez to third Runner from 3rd tries for Home, SAFE, no throw | Batting: LHB Jeff Forsyth | 0-0: Called Strike 0-1: Ball 1-1: Called Strike 1-2: Foul Ball, location: 2F 1-2: Ball 2-2: Ball 3-2: SINGLE (Line Drive, 89S) Felipe Castro to second | Batting: SHB Dale Winters | 0-0: Fly out, F9 (Flyball, 89D) | Batting: LHB Hamilton Hughes | 0-0: Fly out, F8 (Flyball, 8LD) | Batting: SHB Dawson Fowler | 0-0: Foul Ball, location: 2F 0-1: Ground out 4-3 (Groundball, 4) | Top of the 4th over - 1 run, 3 hits, 0 errors, 2 left on base; Salem 2 - Key West 2 | BOTTOM OF THE 4TH |
---|
Key West Barracudas batting - Pitching for Salem Silver Souls : RHP Jesús Gonzáles | Batting: RHB Anastasio Zartuche | 0-0: Swinging Strike 0-1: SINGLE (Line Drive, 56D) | Batting: LHB Mauro Díaz | 0-0: Ball 1-0: Ball 2-0: Foul Ball, location: 2F 2-1: Foul Ball, location: 2F 2-2: Foul Ball, location: 2F 2-2: Fielders Choice at 2nd, 4-6 (Groundball, 34) | Batting: LHB Juan Lima | 0-0: Called Strike 0-1: Ground out U3 (Groundball, 3L) Mauro Díaz to second | Batting: SHB Luis Manuel López | 0-0: SINGLE (Groundball, 6D) Mauro Díaz to third Runner from 3rd tries for Home, SAFE, no throw | Pitching: LHP Reynaldo Vázquez | | Batting: RHB Chris Adams | 0-0: Called Strike 0-1: SINGLE (Groundball, 56D) Luis Manuel López to second | Batting: LHB Domingo Ledesma | 0-0: Ball 1-0: Called Strike 1-1: Ball 2-1: Ball 3-1: Base on Balls Luis Manuel López to third Chris Adams to second | Batting: SHB Héctor Jiménez | 0-0: Ball 1-0: Swinging Strike 1-1: Ball 2-1: Ball 3-1: Ground out 4-3 (Groundball, 4) | Bottom of the 4th over - 1 run, 3 hits, 0 errors, 3 left on base; Salem 2 - Key West 3 | TOP OF THE 5TH |
---|
Salem Silver Souls batting - Pitching for Key West Barracudas : RHP George Bennion | Batting: SHB Caleb Hart | 0-0: Ball 1-0: Ball 2-0: Called Strike 2-1: Foul Ball, location: 2F 2-2: Fly out, F9 (Flyball, 9) | Batting: RHB Elpidio Martinho | 0-0: Ball 1-0: Called Strike 1-1: Ball 2-1: Ball 3-1: Base on Balls | Batting: RHB Júlio Rodríguez | 0-0: Ball 1-0: Called Strike Elpidio Martinho steals 2nd base 1-1: Foul Ball, location: 2F 1-2: Foul Ball, location: 2F 1-2: Ball 2-2: Ball 3-2: Ground out 5-3 (Groundball, 5L) | Batting: RHB Carlos Sánchez | 0-0: Fly out, F8 (Line Drive, 8RD) | Top of the 5th over - 0 runs, 0 hits, 0 errors, 1 left on base; Salem 2 - Key West 3 | BOTTOM OF THE 5TH |
---|
Key West Barracudas batting - Pitching for Salem Silver Souls : LHP Reynaldo Vázquez | Batting: SHB Júlio Ayala | 0-0: Ground out 5-3 (Groundball, 56) | Batting: LHB Motoki Hirata | 0-0: Foul Ball, location: 2F 0-1: Ball 1-1: Called Strike 1-2: Ball 2-2: Ball 3-2: Base on Balls | Batting: RHB Anastasio Zartuche | 0-0: Ball 1-0: Called Strike 1-1: Reached on error, E1 (Groundball, 13) Motoki Hirata to second | Batting: LHB Mauro Díaz | 0-0: Ball 1-0: Grounds into double play, 5-4-3 (Groundball, 56) | Bottom of the 5th over - 0 runs, 0 hits, 1 error, 1 left on base; Salem 2 - Key West 3 | TOP OF THE 6TH |
---|
Salem Silver Souls batting - Pitching for Key West Barracudas : RHP George Bennion | Batting: SHB Felipe Castro | 0-0: Ball 1-0: Called Strike 1-1: Foul Ball, location: 2F 1-2: Ball 2-2: Ball 3-2: Foul Ball, location: 2F 3-2: Base on Balls | Pitching: RHP Bob Schneider | | Batting: LHB Jeff Forsyth | 0-0: Called Strike 0-1: Swinging Strike 0-2: Strikes out swinging | Pinch Runner at 1st Felipe Rivera: | | Batting: SHB Dale Winters | 0-0: Called Strike 0-1: Ball Wild Pitch! Felipe Rivera to second 1-1: Foul Ball, location: 2F 1-2: Ball 2-2: Fly out, F9 (Flyball, 89D) Runner from 2nd tags up, SAFE at 3rd, no throw | Batting: LHB Hamilton Hughes | 0-0: Ball 1-0: Called Strike 1-1: Ball 2-1: Ball 3-1: Called Strike 3-2: Strikes out swinging | Top of the 6th over - 0 runs, 0 hits, 0 errors, 1 left on base; Salem 2 - Key West 3 | BOTTOM OF THE 6TH |
---|
Key West Barracudas batting - Pitching for Salem Silver Souls : LHP Reynaldo Vázquez | Batting: LHB Juan Lima | 0-0: Ball 1-0: Foul Ball, location: 2F 1-1: Ground out 1-3 (Groundball, 15S) | Batting: SHB Luis Manuel López | 0-0: Single, Error in OF, E7, batter to second base | Batting: RHB Chris Adams | 0-0: Ball 1-0: Ball 2-0: Called Strike 2-1: Foul Ball, location: 2F 2-2: Ground out 6-3 (Groundball, 6) Luis Manuel López to third | Batting: LHB Domingo Ledesma | 0-0: Ball 1-0: Called Strike 1-1: SINGLE (Flyball, 89S) Luis Manuel López scores | Batting: SHB Héctor Jiménez | 0-0: Foul Ball, location: 2F 0-1: Foul Ball, location: 2F 0-2: Foul Ball, location: 2F 0-2: Strikes out looking | Bottom of the 6th over - 1 run, 2 hits, 1 error, 1 left on base; Salem 2 - Key West 4 | TOP OF THE 7TH |
---|
Salem Silver Souls batting - Pitching for Key West Barracudas : RHP Bob Schneider | Batting: SHB Dawson Fowler | 0-0: Called Strike 0-1: Called Strike 0-2: Ball 1-2: Strikes out swinging | Batting: SHB Caleb Hart | 0-0: Ball 1-0: Ball 2-0: Foul Ball, location: 2F 2-1: Called Strike 2-2: Ball 3-2: Ground out 4-3 (Groundball, 4) | Batting: RHB Elpidio Martinho | 0-0: Called Strike 0-1: Foul Ball, location: 2F 0-2: Foul Ball, location: 2F 0-2: Foul Ball, location: 2F 0-2: Ball 1-2: Ball 2-2: Ball 3-2: Foul Ball, location: 2F 3-2: Foul Ball, location: 2F 3-2: Foul Ball, location: 2F 3-2: Strikes out looking | Top of the 7th over - 0 runs, 0 hits, 0 errors, 0 left on base; Salem 2 - Key West 4 | BOTTOM OF THE 7TH |
---|
Key West Barracudas batting - Pitching for Salem Silver Souls : LHP Reynaldo Vázquez | Batting: SHB Júlio Ayala | 0-0: Ball 1-0: Ball 2-0: Ball 3-0: Called Strike 3-1: Base on Balls | Batting: LHB Motoki Hirata | 0-0: Ball 1-0: Ball 2-0: Called Strike 2-1: Foul Ball, location: 2F 2-2: Foul Ball, location: 2F 2-2: Foul Ball, location: 2F 2-2: Ball 3-2: Strikes out looking | Batting: RHB Anastasio Zartuche | 0-0: Ball 1-0: Called Strike 1-1: SINGLE (Groundball, 6MD) Júlio Ayala to second | Pitching: RHP Roberto Deleón | | Batting: LHB Mauro Díaz | 0-0: Ball 1-0: Foul Ball, location: 2F 1-1: Foul Ball, location: 2F 1-2: Foul Ball, location: 2F 1-2: Foul Ball, location: 2F 1-2: SINGLE (Flyball, 9LM) Júlio Ayala to third Anastasio Zartuche to second Runner from 3rd tries for Home, SAFE, no throw | Batting: LHB Juan Lima | 0-0: Foul Ball, location: 2F 0-1: SINGLE (Line Drive, 56) Anastasio Zartuche to third Mauro Díaz to second Runner from 3rd tries for Home, SAFE, no throw | Batting: SHB Luis Manuel López | 0-0: Called Strike 0-1: Ball 1-1: SINGLE (Line Drive, 89S) Mauro Díaz to third Juan Lima to second | Batting: RHB Chris Adams | 0-0: Foul Ball, location: 2F 0-1: Foul Ball, location: 2F 0-2: Ball 1-2: Strikes out swinging | Batting: LHB Domingo Ledesma | 0-0: Called Strike 0-1: Swinging Strike 0-2: Ball 1-2: Ball 2-2: Foul Ball, location: 2F 2-2: Strikes out swinging | Bottom of the 7th over - 2 runs, 4 hits, 0 errors, 3 left on base; Salem 2 - Key West 6 | TOP OF THE 8TH |
---|
Salem Silver Souls batting - Pitching for Key West Barracudas : RHP Bob Schneider | Batting: RHB Júlio Rodríguez | 0-0: Called Strike 0-1: Called Strike 0-2: Ball 1-2: Strikes out looking | Batting: RHB Carlos Sánchez | 0-0: DOUBLE (Flyball, 78D) | Batting: LHB Felipe Rivera | 0-0: Called Strike 0-1: Foul Ball, location: 2F 0-2: Strikes out swinging | Batting: LHB Jeff Forsyth | 0-0: Ball 1-0: Ball 2-0: SINGLE (Groundball, 56D) Carlos Sánchez to third Runner from 3rd tries for Home, SAFE, no throw | Batting: SHB Dale Winters | 0-0: Called Strike 0-1: Ball 1-1: DOUBLE (Flyball, 78D) Jeff Forsyth to third Runner from 3rd tries for Home, SAFE, no throw | Pitching: RHP Dale Polk | | Batting: LHB Hamilton Hughes | 0-0: Fly out, F9 (Line Drive, 9LM) | Top of the 8th over - 2 runs, 3 hits, 0 errors, 1 left on base; Salem 4 - Key West 6 | BOTTOM OF THE 8TH |
---|
Key West Barracudas batting - Pitching for Salem Silver Souls : RHP Roberto Deleón | Batting: SHB Héctor Jiménez | 0-0: Swinging Strike 0-1: Ground out 4-3 (Groundball, 4M) | Batting: SHB Júlio Ayala | 0-0: Called Strike 0-1: Fly out, F7 (Line Drive, 7D) | Batting: LHB Motoki Hirata | 0-0: Called Strike 0-1: Ball 1-1: Called Strike 1-2: Strikes out looking | Bottom of the 8th over - 0 runs, 0 hits, 0 errors, 0 left on base; Salem 4 - Key West 6 | TOP OF THE 9TH |
---|
Salem Silver Souls batting - Pitching for Key West Barracudas : RHP Dale Polk | Pitching: RHP Gerald Núñez | | Batting: SHB Dawson Fowler | 0-0: Ball 1-0: Ball 2-0: Ball 3-0: Called Strike 3-1: Base on Balls | Pinch Runner at 1st Chris White: | | Batting: SHB Caleb Hart | 0-0: Ball 1-0: Ball 2-0: Foul Ball, location: 2F 2-1: Ball 3-1: SINGLE (Flyball, 7S) Chris White to second | Pinch Hitting: LHB Howard Holder | 0-0: Ball 1-0: DOUBLE (Line Drive, 8LXD) Chris White scores Caleb Hart to third | Batting: RHB Júlio Rodríguez | 0-0: Ball 1-0: Foul Ball, location: 2F 1-1: Foul Ball, location: 2F 1-2: Strikes out looking | Batting: RHB Carlos Sánchez | 0-0: Swinging Strike 0-1: Ball 1-1: Swinging Strike 1-2: Ball 2-2: Fly out, F9 (Line Drive, 9S) Runner from 3rd tags up, SCORES, no throw | Batting: LHB Felipe Rivera | 0-0: Foul Ball, location: 2F 0-1: Ball 1-1: Foul Ball, location: 2F 1-2: Ball 2-2: Foul Ball, location: 2F 2-2: Ball 3-2: Ground out 4-3 (Groundball, 4) | Top of the 9th over - 2 runs, 2 hits, 0 errors, 1 left on base; Salem 6 - Key West 6 | BOTTOM OF THE 9TH |
---|
Key West Barracudas batting - Pitching for Salem Silver Souls : RHP Roberto Deleón | Now at 2B: Alberto Sandoval | | Now in LF: Chris White | | Batting: RHB Anastasio Zartuche | 0-0: Ball 1-0: Swinging Strike 1-1: Fly out, F4 (Line Drive, 4M) | Batting: LHB Mauro Díaz | 0-0: Ball 1-0: Foul Ball, location: 2F 1-1: Fly out, F9 (Flyball, 9S) | Batting: LHB Juan Lima | 0-0: Foul Ball, location: 2F 0-1: Foul Ball, location: 2F 0-2: Ball 1-2: Ball 2-2: Foul Ball, location: 2F 2-2: Ball 3-2: Ground out 4-3 (Groundball, 34D) | Bottom of the 9th over - 0 runs, 0 hits, 0 errors, 0 left on base; Salem 6 - Key West 6 | TOP OF THE 10TH |
---|
Salem Silver Souls batting - Pitching for Key West Barracudas : RHP Gerald Núñez | Pitching: RHP Sean Martínez | | Batting: LHB Jeff Forsyth | 0-0: Ball 1-0: Ball 2-0: Ball 3-0: Called Strike 3-1: Fly out, F7 (Line Drive, 7S) | Now in LF: Jorge Hernández | | Batting: SHB Dale Winters | 0-0: Ball 1-0: Called Strike 1-1: SOLO HOME RUN (Flyball, 9LD), Distance : 370 ft | Batting: LHB Hamilton Hughes | 0-0: Ball 1-0: Foul Ball, location: 2F 1-1: Called Strike 1-2: Ball 2-2: Strikes out swinging | Batting: LHB Chris White | 0-0: Ball 1-0: Ball 2-0: Called Strike 2-1: Ball 3-1: Ground out 4-3 (Groundball, 4) | Top of the 10th over - 1 run, 1 hit, 0 errors, 0 left on base; Salem 7 - Key West 6 | BOTTOM OF THE 10TH |
---|
Key West Barracudas batting - Pitching for Salem Silver Souls : RHP Roberto Deleón | Pitching: LHP Gabriel Rodríguez | | Pinch Hitting: RHB Domingo Hernández | 0-0: Called Strike 0-1: Ball 1-1: Foul Ball, location: 2F 1-2: Ball 2-2: Ball 3-2: Strikes out swinging | Batting: RHB Chris Adams | 0-0: Ball 1-0: Swinging Strike 1-1: Ball 2-1: Ball 3-1: Foul Ball, location: 2F 3-2: Foul Ball, location: 2F 3-2: Base on Balls | Batting: LHB Domingo Ledesma | 0-0: Ball 1-0: SINGLE (Groundball, 34S) (infield hit) Chris Adams to second | Batting: SHB Héctor Jiménez | 0-0: Grounds into double play, 4-6-3 (Groundball, 4) | Bottom of the 10th over - 0 runs, 1 hit, 0 errors, 1 left on base; Salem 7 - Key West 6 | |